 Dungeon Crawl Stone Soup version 0.22.0-6-g71bd7aa (webtiles) character file.

483795 magipi the Marksgargoyle (level 24, -3/135 HPs)
             Began as a Gargoyle Fire Elementalist on Aug 13, 2018.
             Was the Champion of the Shining One.
             Slain by a juggernaut (9 damage)
             ... on level 4 of the Depths on Aug 14, 2018.
             The game lasted 05:57:58 (65853 turns).

magipi the Marksgargoyle (GrFE)                    Turns: 65853, Time: 05:57:59

Health: -3/135     AC: 36    Str: 21    XL:     24   Next: 91%
Magic:  26/35      EV: 26    Int: 23    God:    the Shining One [******]
Gold:   4692       SH:  0    Dex: 12    Spells: 19/39 levels left

rFire    + . .     SeeInvis +   b - +6 longbow "Hefe" {freeze, rElec Str+4}
rCold    + . .     Gourm    .   (shield currently unavailable)
rNeg     + + +     Faith    .   T - +2 robe {rC+ rF+}
rPois    ∞         Spirit   .   F - +3 crown of Dyrovepreva {rElec Int+2 SInv}
rElec    +         Reflect  .   V - +2 cloak {MR+}
rCorr    +         Harm     .   M - +2 pair of gloves
MR       ++...                  u - +1 pair of boots
Stlth    +.........             r - amulet of regeneration
HPRegen  0.72/turn              o - ring of resist corrosion
MPRegen  0.24/turn              S - +6 ring of evasion

@: glowing
A: big wings, frail 1, negative energy resistance 1, electricity resistance,
unbreathing, petrification resistance, rot immunity, AC +18
}: 2/15 runes: serpentine, barnacled
a: Fly, Divine Shield, Cleansing Flame, Summon Divine Warrior, Brand Weapon With
Holy Wrath, Renounce Religion


You were on level 4 of the Depths.
You worshipped the Shining One.
The Shining One was exalted by your worship.
You were not hungry.

You visited 9 branches of the dungeon, and saw 43 of its levels.
You visited the Abyss 1 time.
You also visited: Wizlab.

You collected 10476 gold pieces.
You spent 5784 gold pieces at shops.

Inventory:

Hand Weapons
 a - the +6 war axe "Oquynef" {elec, Int+5}
   (You found it on level 5 of the Lair of Beasts)

   Occasionally, upon striking a foe, it will discharge some electrical energy
   and cause terrible harm.
   It affects your intelligence (+5).
 b - the +6 longbow "Hefe" (weapon) {freeze, rElec Str+4}
   (You bought it in a shop on level 1 of the Snake Pit)

   It causes projectiles fired from it to freeze those they strike, causing
   extra injury to most foes and up to half again as much damage against
   particularly susceptible opponents.
   They can also slow down cold-blooded creatures.
   It affects your strength (+4).
   It insulates you from electricity.
 h - a +1 battleaxe of flaming
   (You found it on level 4 of the Lair of Beasts)
Missiles
 t - 9 throwing nets
 X - 1243 arrows (quivered)
Armour
 u - a +1 pair of boots (worn)
   (You found it on level 3 of the Dungeon)
 F - the +3 crown of Dyrovepreva (worn) {rElec Int+2 SInv}
   (You found it on level 1 of the Elven Halls)

   It affects your intelligence (+2).
   It insulates you from electricity.
   It lets you see invisible.
 M - a +2 pair of gloves (worn)
   (You found it on level 2 of the Vaults)
 T - a +2 robe of resistance (worn)
   (You took it off a spriggan air mage on level 3 of the Depths)
 V - a +2 cloak of magic resistance (worn)
   (You found it on level 3 of the Depths)
Jewellery
 c - the ring of Zixeckor {rC+ MR+}
   (You bought it in a shop on level 2 of the Orcish Mines)

   [ring of protection from magic]

   It protects you from cold.
   It affects your resistance to hostile enchantments.
 f - an uncursed ring of protection from fire
   (You bought it in a shop on level 2 of the Orcish Mines)
 o - a ring of resist corrosion (left hand)
   (You bought it in a shop on level 1 of the Depths)
 r - an amulet of regeneration (around neck)
   (You bought it in a shop on level 2 of the Orcish Mines)
 z - an uncursed ring of wizardry
   (You took it off a deep elf demonologist on level 3 of the Elven Halls)
 S - a +6 ring of evasion (right hand)
   (You found it on level 3 of the Snake Pit)
Wands
 d - a wand of digging (55)
   (You found it on level 7 of the Dungeon)
 i - a wand of acid (8)
   (You found it on level 7 of the Dungeon)
 k - a wand of polymorph (13)
   (You found it on level 4 of the Dungeon)
 D - a wand of paralysis (63)
   (You found it on level 11 of the Dungeon)
 E - a wand of iceblast (29)
   (You found it on level 9 of the Dungeon)
Scrolls
 e - 8 scrolls of fear
 j - 25 scrolls of identify
 n - 6 scrolls of blinking
 s - 7 scrolls of magic mapping
 v - 8 scrolls of immolation
 w - 3 scrolls of enchant weapon
 y - 5 scrolls of summoning
 J - 23 scrolls of remove curse
 K - 3 scrolls of noise
 L - 4 scrolls of fog
 P - 19 scrolls of teleportation
 R - 6 scrolls of holy word
 W - 5 scrolls of enchant armour
Potions
 g - 6 potions of haste
 l - 4 potions of heal wounds
 m - a potion of might
 p - 11 potions of brilliance
 q - a potion of lignification
 A - 2 potions of resistance
 B - 20 potions of mutation
 C - a potion of cancellation
 I - a potion of ambrosia
 Q - 2 potions of agility
 U - a potion of magic
 Y - 14 potions of curing
Miscellaneous
 G - 3 phantom mirrors
 H - a lamp of fire
   (You found it on level 11 of the Dungeon)
Comestibles
 x - 45 rations


   Skills:
 - Level 15.0 Fighting
 - Level 16.0 Axes
 - Level 20.0 Bows
 + Level 13.9 Armour
 + Level 13.5 Dodging
 - Level 2.1 Stealth
 - Level 8.0 Spellcasting
 - Level 10.0 Conjurations
 - Level 6.0 Hexes
 + Level 7.6 Summonings
 - Level 6.0 Translocations
 - Level 10.0 Fire Magic
 + Level 7.4 Air Magic
 - Level 12.0 Invocations
 - Level 8.0 Evocations


You had 19 spell levels left.
You knew the following spells:

 Your Spells              Type           Power        Failure   Level  Hunger
a - Apportation           Tloc           #####.       1%          1    None
c - Conjure Flame         Conj/Fire      ######..     1%          3    None
f - Fireball              Conj/Fire      ######....   3%          5    #####..
l - Summon Lightning Spi  Summ/Air       #####...     3%          4    ###....
p - Portal Projectile     Hex/Tloc       #####.       1%          3    None
y - Sticky Flame          Conj/Fire      ######..     1%          4    ###....

Your spell library contained the following spells:

 Spells                   Type           Power        Failure   Level  Hunger
 Cause Fear               Hex            #####.....   6%          4    ###....
 Magic Dart               Conj           ####         1%          1    None
 Bolt of Cold             Conj/Ice       ####......   80%         6    ######.
 Lightning Bolt           Conj/Air       #####.....   5%          5    #####..
 Bolt of Magma            Conj/Fire/Erth #####.....   12%         5    #####..
 Invisibility             Hex            #####...     65%         6    ######.
 Throw Flame              Conj/Fire      ######       1%          2    None
 Throw Frost              Conj/Ice       ####..       1%          2    None
 Freezing Cloud           Conj/Ice/Air   #####.....   69%         6    ######.
 Mephitic Cloud           Conj/Pois/Air  #####...     1%          3    None
 Venom Bolt               Conj/Pois      ####......   24%         5    #####..
 Summon Small Mammal      Summ           ####         1%          1    None
 Bolt of Draining         Conj/Necr      ####......   24%         5    #####..
 Lehudib's Crystal Spear  Conj/Erth      ####......   100%        8    #######
 Fire Storm               Conj/Fire      ######....   100%        9    #######
 Iskenderun's Mystic Bla  Conj           ######..     1%          4    ###....
 Animate Dead             Necr           N/A          56%         4    ###....
 Animate Skeleton         Necr           N/A          7%          1    None
 Vampiric Draining        Necr           #.........   21%         3    None
 Freeze                   Ice            #...         7%          1    None
 Ozocubu's Refrigeration  Ice            #.........   100%        6    ######.
 Summon Ice Beast         Ice/Summ       ####....     14%         4    ###....
 Ozocubu's Armour         Chrm/Ice       #.......     21%         3    None
 Dispel Undead            Necr           #.......     88%         5    #####..
 Poison Arrow             Conj/Pois      ####......   80%         6    ######.
 Regeneration             Chrm/Necr      #.........   21%         3    None
 Sting                    Conj/Pois      ####         1%          1    None
 Sublimation of Blood     Necr           #.........   11%         2    None
 Corpse Rot               Necr           N/A          11%         2    None
 Iron Shot                Conj/Erth      ####......   80%         6    ######.
 Stone Arrow              Conj/Erth      ####..       2%          3    None
 Shock                    Conj/Air       ####         1%          1    None
 Swiftness                Chrm/Air       ####....     2%          2    None
 Agony                    Necr           #.......     88%         5    #####..
 Spider Form              Tmut/Pois      #.........   21%         3    None
 Blade Hands              Tmut           #.........   88%         5    #####..
 Statue Form              Tmut/Erth      #........    100%        6    ######.
 Ice Form                 Ice/Tmut       #.......     56%         4    ###....
 Dragon Form              Tmut           #.........   100%        7    #######
 Deflect Missiles         Chrm/Air       ####......   93%         6    ######.
 Throw Icicle             Conj/Ice       ####....     9%          4    ###....
 Glaciate                 Conj/Ice       ####......   100%        9    #######
 Airstrike                Air            #####.....   3%          4    ###....
 Flame Tongue             Conj/Fire      #####        1%          1    None
 Passwall                 Tmut/Erth      #.......     11%         2    None
 Sticks to Snakes         Tmut           #.......     11%         2    None
 Metabolic Englaciation   Hex/Ice        ###.......   50%         5    #####..
 Silence                  Hex/Air        #####.....   12%         5    #####..
 Shatter                  Erth           #.........   100%        9    #######
 Dispersal                Tloc           #####.....   65%         6    ######.
 Static Discharge         Conj/Air       #####...     1%          3    None
 Alistair's Intoxication  Tmut/Pois      #.......     88%         5    #####..
 Lee's Rapid Deconstruct  Erth           #.........   88%         5    #####..
 Sandblast                Erth           #.....       7%          1    None
 Simulacrum               Ice/Necr       #.........   100%        6    ######.
 Conjure Ball Lightning   Conj/Air       #####.....   30%         6    ######.
 Chain Lightning          Conj/Air       #####.....   100%        8    #######
 Excruciating Wounds      Chrm/Necr      #.........   88%         5    #####..
 Petrify                  Tmut/Erth      #.......     56%         4    ###....
 Passage of Golubria      Tloc           N/A          6%          4    ###....
 Orb of Destruction       Conj           ######....   67%         7    #######
 Tornado                  Air            #####.....   100%        9    #######
 Leda's Liquefaction      Hex/Erth       ###.......   21%         4    ###....
 Summon Hydra             Summ           #####.....   94%         7    #######
 Darkness                 Hex            #####.....   65%         6    ######.
 Shroud of Golubria       Chrm/Tloc      ###.......   3%          2    None
 Inner Flame              Hex/Fire       #####...     1%          3    None
 Aura of Abjuration       Summ           #####.....   9%          5    #####..
 Beastly Appendage        Tmut           #.....       7%          1    None
 Iskenderun's Battlesphe  Conj/Chrm      ####....     24%         5    #####..
 Fulminant Prism          Conj/Hex       #####.....   2%          4    ###....
 Dazzling Spray           Conj/Hex       #####.       1%          3    None
 Force Lance              Conj/Tloc      #####...     2%          4    ###....
 Infusion                 Chrm           #...         7%          1    None
 Song of Slaying          Chrm           #.......     11%         2    None
 Searing Ray              Conj           ######       1%          2    None
 Discord                  Hex            #####.....   100%        8    #######
 Summon Forest            Summ/Tloc      #####.....   12%         5    #####..
 Dragon's Call            Summ           #####.....   100%        9    #######
 Spellforged Servitor     Conj/Summ      #####.....   83%         7    #######
 Hydra Form               Tmut           #.........   100%        6    ######.
 Irradiate                Conj/Tmut      ####......   24%         5    #####..
 Yara's Violent Unravell  Hex/Tmut       ###.......   50%         5    #####..
 Ignition                 Fire           ######....   100%        8    #######


Dungeon Overview and Level Annotations

Branches:
Dungeon (15/15)            Temple (1/1) D:6            Lair (6/6) D:11
 Shoals (4/4) Lair:2        Snake (4/4) Lair:3          Orc (2/2) D:11
    Elf (3/3) Orc:2        Vaults (4/5) D:14          Crypt (0/3) Vaults:3
 Depths (4/5) D:15
  Slime: Lair:5-6

Altars:
Ashenzari
Cheibriados
Dithmenos
Elyvilon
Fedhas
Gozag
Hepliaklqana
Kikubaaqudgha
Makhleb
Nemelex Xobeh
Okawaru
Qazlal
Ru
Sif Muna
Trog
Uskayaw
Vehumet
Wu Jian
Xom
Yredelemnul
Zin
The Shining One
Beogh

Shops:
D:7 ?   D:15 *   Orc:1 %   Orc:2 [(?==**[(   Elf:1 :!   Shoals:4 *
Snake:1 *=}}   Snake:3 [[[:   Depths:1 =

Portals:
Hell: Depths:1 Depths:2 Depths:3 Depths:4
Abyss: Depths:1 Depths:4
Pandemonium: Depths:1 Depths:3
Ziggurat: Depths:4
Trove: Elf:3 (give 7 scrolls of blinking)

Annotations:
Lair:2 3 runed doors, Azzok's ghost, journeyman GrEE
Lair:6 Rupert; Snorg
Snake:1 apport, Roxanne
Orc:1 3 runed doors, Nattefrost's ghost, journeyman NaMo
Elf:2 5 runed doors


Innate Abilities, Weirdness & Mutations

You are resistant to torment.
Your stone body is resilient. (AC +18)
You are immune to poison.
Your large and strong wings let you fly indefinitely.
You resist negative energy. (rN+)
You are resistant to electric shocks. (rElec)
You can survive without breathing.
You are immune to petrification.
You are immune to rotting.
You are frail. (-10% HP)


Message History

The juggernaut is heavily wounded.
Unknown command.
Unknown command.
Firing (i - inventory. (/) - cycle)
X - 1249 arrows (quivered)
Press: ? - help, Shift-Dir - straight line, f/p - juggernaut
Aim: a juggernaut (heavily wounded, haloed)
You shoot an arrow.
The arrow hits the juggernaut but does no damage.
The juggernaut is heavily wounded.
Unknown command.
Firing (i - inventory. (/) - cycle)
X - 1248 arrows (quivered)
Press: ? - help, Shift-Dir - straight line, f/p - juggernaut
Aim: a juggernaut (heavily wounded, haloed)
You shoot an arrow. The arrow hits the juggernaut!!
The arrow freezes the juggernaut!
The juggernaut is almost dead.
The juggernaut hits you! The juggernaut hits you!!
Unknown command.
Firing (i - inventory. (/) - cycle)
X - 1247 arrows (quivered)
Press: ? - help, Shift-Dir - straight line, f/p - juggernaut
Aim: a juggernaut (almost dead, haloed)
You shoot an arrow. The arrow hits the juggernaut!!
The arrow freezes the juggernaut!
You kill the juggernaut!
Your lamp of fire has recharged.
Unknown command.
No target in view!
Unknown command.
No target in view!
Unknown command.
No target in view!
You start resting.
A juggernaut comes into view.
Firing (i - inventory. (/) - cycle)
X - 1246 arrows (quivered)
Press: ? - help, Shift-Dir - straight line, f - juggernaut
Aim: a juggernaut (hasn't noticed you, haloed)
You shoot an arrow. The juggernaut shouts!
The arrow hits the juggernaut!
The arrow freezes the juggernaut.
The juggernaut is lightly wounded.
Firing (i - inventory. (/) - cycle)
X - 1245 arrows (quivered)
Press: ? - help, Shift-Dir - straight line, f/p - juggernaut
Aim: a juggernaut (lightly wounded, haloed)
You shoot an arrow. The arrow hits the juggernaut!
The arrow freezes the juggernaut.
The juggernaut is moderately wounded.
Firing (i - inventory. (/) - cycle)
X - 1244 arrows (quivered)
Press: ? - help, Shift-Dir - straight line, f/p - juggernaut
Aim: a juggernaut (moderately wounded, haloed)
You shoot an arrow. The arrow hits the juggernaut!!
The arrow freezes the juggernaut!
The juggernaut is heavily wounded.
Casting: Sticky Flame (safe; 1% risk of failure)
Confirm with . or Enter, or press ? or * to list all spells.
Aiming: Sticky Flame (safe; 1% risk of failure)
Press: ? - help, Shift-Dir - straight line, f/p - juggernaut
Aim: a juggernaut (heavily wounded, haloed)
The sticky flame hits the juggernaut.
The juggernaut appears unharmed.
The juggernaut is heavily wounded.
The juggernaut is covered in liquid flames!
The juggernaut burns!
The juggernaut hits you!!! The juggernaut completely misses you.
Unknown command.
The juggernaut burns!
The juggernaut burns!
A spark wasp comes into view.
The spark wasp moves out of view.
Things that are here:
a dire flail; a dire flail of protection The juggernaut burns!
The juggernaut stops burning.
There is a large open door, spattered with blood here.
Things that are here:
15 bolts; an arbalest
Casting: Sticky Flame (safe; 1% risk of failure)
Confirm with . or Enter, or press ? or * to list all spells.
Aiming: Sticky Flame (safe; 1% risk of failure)
Press: ? - help, Shift-Dir - straight line, f/p - juggernaut
Aim: a juggernaut (heavily wounded, haloed)
The sticky flame hits the juggernaut.
The juggernaut appears unharmed.
The juggernaut is heavily wounded.
The juggernaut is covered in liquid flames!
The juggernaut burns!
The juggernaut hits you!!
The juggernaut hits you but does no damage.
Unknown command.
The juggernaut burns!
The juggernaut burns!
The juggernaut stops burning.
You see here a bolt.
There is a large open door here.
Casting: Sticky Flame (safe; 1% risk of failure)
Confirm with . or Enter, or press ? or * to list all spells.
Aiming: Sticky Flame (safe; 1% risk of failure)
Press: ? - help, Shift-Dir - straight line, f/p - juggernaut
Aim: a juggernaut (heavily wounded, haloed)
The sticky flame hits the juggernaut.
The juggernaut appears unharmed.
The juggernaut is heavily wounded.
The juggernaut is covered in liquid flames!
The juggernaut burns!
The juggernaut hits you!!!
* * * LOW HITPOINT WARNING * * *
The juggernaut hits you!
You die...

##(.....#.###########''#.#...
##......####.....##....[####..
##(.≈≈.###........##........###
##<.8≈.##....).)...##.....8....#
##..≈≈.##...)...)...##...........
#...≈.##....)..#''#########......
..≈≈.###.....###.(........###....
..≈.###''..###.#....≈≈§...#.#''..
)..##..''###§.§'@..§⌠.§..'[÷..###
).##....###....C#........#÷÷...##
..#.....##.§§§..##########÷.....#
.##....##.§§§§### ###..⌠..
##.##..#..§..## ##....
.#.#..##....## ##...
##....#....## ##.. #.##.###'()#
#.. #.#..#..'### ###


You could see a juggernaut (burning).

Vanquished Creatures
  2 juggernauts
  Sojobo (Vaults:3)
  Saint Roka (Snake:3)
  4 caustic shrikes
  Xtahua (Depths:4)
  A golden dragon (Depths:3)
  2 deep elf blademasters (Elf:3)
  2 deep elf master archers (Elf:3)
  2 liches
  Polyphemus (Shoals:2)
  A sphinx (Vaults:2)
  A titan (Depths:4)
  3 shadow dragons
  2 tengu reavers
  4 frost giants
  5 nagarajas
  10 vault wardens
  6 fire giants
  2 deep elf elementalists (Elf:3)
  7 deep elf sorcerers
  12 very ugly things
  10 ironheart preservers
  2 entropy weavers (Vaults:4)
  7 stone giants
  5 vampire knights
  A war gargoyle (Vaults:4)
  9 deep elf demonologists
  7 deep elf annihilators
  10 spark wasps
  3 merfolk javelineers (Shoals:4)
  13 deep elf death magi
  6 ettins
  Josephine (Snake:1)
  10 jiangshi
  4 great orbs of eyes
  8 fire dragons
  2 deep elf high priests
  5 merfolk impalers
  14 yaktaur captains
  6 rakshasas (Depths:1)
  A spriggan air mage (Depths:3)
  8 ice dragons
  9 vault guards
  7 hydras
  6 naga warriors
  An alligator snapping turtle (Shoals:4)
  14 anacondas
  7 centaur warriors
  3 satyrs
  A merfolk avatar (Shoals:4)
  6 merfolk aquamancers
  A death yak (shapeshifter) (Depths:3)
  2 death knights
  37 two-headed ogres
  14 dancing weapons
  11 ogre magi
  5 deep troll shamans
  2 tengu warriors (D:14)
  A queen ant (Lair:5)
  5 vampire magi
  6 deep troll earth magi
  2 death yaks (Shoals:2)
  8 shock serpents
  3 spriggan berserkers
  An iron golem (WizLab)
  3 orc high priests (Orc:2)
  A thrashing horror (Abyss:5)
  13 naga sharpshooters
  17 deep elf knights
  7 shadow wraiths
  Nergalle (Lair:1)
  Sonja (D:12)
  A soul eater (Depths:3)
  A spectral spark wasp (Depths:3)
  2 glowing orange brains
  3 unseen horrors
  23 sea snakes
  5 hell knights
  A salamander mystic (Snake:3)
  A golden dragon zombie (Depths:3)
  A sea snake (shapeshifter) (D:15)
  An iron troll (Depths:1)
  18 deep trolls
  A harpy (shapeshifter) (WizLab)
  6 naga ritualists
  3 wizards
  9 deep elf archers
  4 flayed ghosts
  15 ironbrand convokers
  A sphinx zombie (Depths:3)
  15 large abominations
  4 necromancers
  A tengu zombie (Vaults:3)
  4 phantasmal warriors
  An orb spider (shapeshifter) (Vaults:1)
  A wolf spider (Vaults:3)
  9 harpies (Shoals:4)
  14 orc knights
  12 mana vipers
  42 ugly things
  5 orc sorcerers (Orc:2)
  A salamander (shapeshifter) (Depths:2)
  12 manticores
  A frost giant zombie (Depths:1)
  A wolf spider (shapeshifter) (WizLab)
  A worldbinder (Abyss:5)
  5 cyclopes
  5 elephants (Lair:5)
  10 fauns
  65 deep elf magi
  An elephant (shapeshifter) (Vaults:2)
  3 moths of wrath (shapeshifter)
  5 salamanders
  7 water nymphs
  The ghost of HydraWiggins the Ducker, a novice TrAE of Vehumet (D:6)
  12 naga magi
  A fire giant zombie (Vaults:3)
  A fire giant skeleton (Vaults:3)
  9 vault sentinels
  7 merfolk sirens
  10 guardian serpents
  A water nymph (shapeshifter) (Depths:3)
  2 centaur zombies
  33 black mambas
  A titan simulacrum (Depths:1)
  A torpor snail (shapeshifter) (WizLab)
  7 spiny frogs
  3 gargoyles
  A storm dragon simulacrum (Depths:1)
  3 rime drakes (shapeshifter)
  2 rime drakes (Lair:5)
  2 human zombies (Vaults:3)
  2 freezing wraiths
  2 komodo dragons (shapeshifter)
  A yaktaur zombie (Vaults:3)
  5 kobold demonologists
  4 tengu conjurers
  A hellwing (Depths:3)
  8 komodo dragons
  52 yaktaurs
  A troll (shapeshifter) (WizLab)
  3 meliai (Lair:5)
  15 merfolk
  A queen bee (Lair:5)
  9 trolls
  A meliai (shapeshifter) (WizLab)
  4 wind drakes (Shoals:4)
  6 hornets
  12 blink frogs
  6 snapping turtles
  28 slime creatures
  A stone giant simulacrum (Vaults:3)
  8 hippogriffs
  A meliai zombie (D:15)
  2 raiju (shapeshifter)
  Prince Ribbit (D:7)
  2 dream sheep (D:8)
  2 air elementals (Elf:1)
  2 tarantellas (shapeshifter) (WizLab)
  2 centaur simulacra
  5 spriggans
  9 shadows
  12 wraiths
  2 ynoxinuls (Abyss:5)
  5 wyverns
  16 water elementals
  2 redbacks
  A hog (shapeshifter) (Vaults:2)
  4 hogs (D:13)
  A golden eye (shapeshifter) (WizLab)
  2 basilisks (shapeshifter)
  40 yaks
  2 neqoxecs
  A human (shapeshifter) (WizLab)
  3 fire elementals
  4 human simulacra
  A basilisk (Lair:5)
  3 chaos spawn (Depths:1)
  Menkaure (D:6)
  47 nagas
  3 vampire mosquitoes
  4 wargs
  15 soldier ants
  2 swamp worms (shapeshifter)
  15 water moccasins
  A soldier ant (shapeshifter) (Depths:4)
  4 floating eyes
  A floating eye (shapeshifter) (WizLab)
  6 porcupines
  49 orc warriors
  3 sky beasts
  6 ice beasts
  5 black bears
  A tengu (shapeshifter) (Depths:4)
  4 phantoms
  12 boggarts
  A wolf (shapeshifter) (Vaults:4)
  29 wolves
  32 ogres
  The ghost of TotesWizzard the Covered, an amateur FoAK of Lugonu (D:3)
  21 centaurs
  4 crocodiles
  14 big kobolds
  A wyvern zombie (D:6)
  3 gnoll sergeants
  18 bullfrogs
  4 earth elementals
  9 small abominations
  2 glowing shapeshifter simulacra
  2 wyvern skeletons
  4 scorpions
  32 killer bees
  A tengu skeleton (Depths:1)
  16 wights
  An electric eel (Snake:1)
  3 howler monkeys
  9 crimson imps
  A quasit (D:10)
  6 hounds
  5 jellies
  31 orc priests
  A wyvern simulacrum (D:6)
  2 bullfrog skeletons
  4 centaur skeletons
  4 iguanas
  44 orc wizards
  34 worker ants
  A hound skeleton (D:6)
  2 worker ant zombies
  12 adders
  15 gnolls
  A river rat (Lair:5)
  2 shadow imps
  6 white imps
  2 adder zombies
  An adder skeleton (D:8)
  2 worms
  3 dart slugs
  4 leopard geckos
  148 orcs
  4 giant cockroaches
  14 goblins
  27 hobgoblins
  8 jackals
  9 quokkas
  2 ball pythons
  9 bats
  A frilled lizard (D:1)
  A giant cockroach zombie (D:6)
  14 kobolds
  2 leopard gecko skeletons
  9 rats
  4 fungi
  3 plants
1934 creatures vanquished.

Vanquished Creatures (collateral kills)
  An ancient lich (Depths:3)
  2 caustic shrikes (Depths:4)
  Jory (Depths:3)
  A mutant beast (WizLab)
  A lich (Depths:4)
  A quicksilver dragon (Depths:4)
  Kirke (D:13)
  A shadow dragon (Depths:3)
  2 tengu reavers (Vaults:3)
  A fire giant (Vaults:3)
  The ghost of Fobliqit the Warrior, an adept GrFi of Qazlal (Snake:1)
  A cacodemon (Depths:3)
  A nagaraja (Snake:2)
  A vault warden (Vaults:4)
  2 ghost moths (Depths:3)
  An orc warlord (Orc:2)
  A deep elf sorcerer (Vaults:2)
  4 ironheart preservers (Vaults:2)
  4 very ugly things
  2 stone giants (Vaults:2)
  3 vampire knights (Depths:3)
  3 entropy weavers
  3 spark wasps
  A merfolk javelineer (Shoals:4)
  3 deep elf death magi (Depths:3)
  2 ettins
  A merfolk impaler (Shoals:4)
  A fire dragon (Vaults:2)
  A rakshasa (Vaults:3)
  A hydra (D:13)
  2 ice dragons
  2 merfolk avatars
  3 vault guards (Vaults:2)
  A centaur warrior (Vaults:1)
  A catoblepas (Shoals:2)
  2 merfolk aquamancers (Shoals:4)
  A death yak (Shoals:2)
  A dancing weapon (Elf:1)
  A death knight (Vaults:3)
  5 two-headed ogres
  An ogre mage (Depths:3)
  3 orc high priests (Orc:1)
  A vampire mage (Depths:3)
  3 hell knights (Depths:3)
  A soul eater (Depths:3)
  A naga sharpshooter (Snake:2)
  3 deep elf knights
  A skeletal warrior (Depths:3)
  A fire crab (shapeshifter) (WizLab)
  4 shadow wraiths
  2 sea snakes
  An entropy weaver zombie (Vaults:3)
  4 flayed ghosts
  An obsidian statue (Snake:1)
  2 deep trolls
  2 phantasmal warriors (Depths:3)
  5 orc knights
  3 ironbrand convokers
  3 necromancers
  A deep elf mage (Vaults:2)
  A tengu skeleton (Depths:3)
  An orc sorcerer (Orc:1)
  A deep elf archer (Vaults:2)
  A shadow dragon skeleton (Depths:3)
  An ugly thing (Vaults:3)
  An orb spider (shapeshifter) (WizLab)
  2 manticores (Lair:5)
  4 slime creatures
  A black mamba (Snake:3)
  A naga mage (Snake:4)
  An elephant (Lair:5)
  An elf skeleton (Depths:3)
  A spiny frog (Lair:5)
  A spiny frog (shapeshifter) (WizLab)
  A rime drake (shapeshifter) (WizLab)
  4 yaktaurs
  A red devil (Depths:3)
  A yaktaur skeleton (Vaults:3)
  4 merfolk
  A wind drake (Shoals:4)
  2 trolls (Orc:1)
  A blink frog (shapeshifter) (WizLab)
  A snapping turtle (Shoals:4)
  4 shadows
  A redback (Vaults:3)
  2 yaks (D:13)
  A wraith (Depths:3)
  3 basilisks (shapeshifter) (WizLab)
  A basilisk (Lair:5)
  4 water elementals
  A hog (D:13)
  8 vampire mosquitoes (Depths:3)
  2 soldier ants (Lair:5)
  A naga (Snake:4)
  3 floating eyes (WizLab)
  A large abomination (WizLab)
  12 orc warriors
  A black bear (D:13)
  7 ogres
  A wolf (Lair:5)
  2 killer bees (Lair:5)
  5 orc priests
  3 orc wizards (Orc:1)
  A hell rat (Lair:5)
  8 orcs
217 creatures vanquished.

Vanquished Creatures (others)
  Nikola (Snake:1)
  A shock serpent (Snake:2)
  An orc (Orc:2)
  A bush (Lair:5)
  6 fungi
  20 plants
  2 starspawn tentacles (Abyss:5)
32 creatures vanquished.

Grand Total: 2183 creatures vanquished

Notes
Turn   | Place    | Note
-------+----------+-------------------------------------------
     0 | D:1      | magipi the Gargoyle Fire Elementalist began the quest for the Orb.
     0 | D:1      | Reached XP level 1. HP: 10/10 MP: 3/3
   274 | D:1      | Reached XP level 2. HP: 15/15 MP: 3/5
   741 | D:1      | Reached XP level 3. HP: 18/19 MP: 0/6
   993 | D:1      | Learned a level 3 spell: Conjure Flame
  1325 | D:2      | Found a stormy altar of Qazlal.
  1698 | D:2      | Reached XP level 4. HP: 24/24 MP: 3/7
  2254 | D:3      | Found a transporter.
  2259 | D:3      | Noticed TotesWizzard's ghost (amateur FoAK)
  2261 | D:3      | Found a transporter.
  2264 | D:3      | Noticed an ogre
  2485 | D:3      | Reached XP level 5. HP: 26/28 MP: 8/8
  2759 | D:3      | Learned a level 4 spell: Sticky Flame
  3207 | D:4      | Found Zin's Purification Station.
  3207 | D:4      | Found a glowing silver altar of Zin.
  3231 | D:4      | Bought a potion of curing for 90 gold pieces
  3331 | D:4      | Reached skill level 5 in Fire Magic
  3412 | D:4      | Reached XP level 6. HP: 32/32 MP: 9/9
  3845 | D:5      | Entered Level 5 of the Dungeon
  4117 | D:5      | Reached skill level 5 in Conjurations
  4230 | D:5      | Noticed an ice beast
  4236 | D:5      | Killed an ice beast
  4290 | D:5      | Reached XP level 7. HP: 29/36 MP: 1/10
  5139 | D:5      | Reached XP level 8. HP: 18/41 MP: 6/11
  5484 | D:5      | Found a white marble altar of Elyvilon.
  5572 | D:6      | Found an ornate altar of the Wu Jian Council.
  6127 | D:6      | Found a runed gate.
  6127 | D:6      | Found a runed gate.
  6127 | D:6      | Found a runed gate.
  6139 | D:6      | Identified the +2 scale mail of Exclusion {rC+} (You found it on level 6 of the Dungeon)
  6197 | D:6      | Noticed Menkaure
  6205 | D:6      | Killed Menkaure
  6257 | D:6      | Found a staircase to the Ecumenical Temple.
  6283 | Temple   | Entered the Ecumenical Temple
  6332 | Temple   | Became a worshipper of the Shining One
  6699 | D:6      | HP: 1/41 [orc wizard/puff of frost (10)]
  6766 | D:6      | Reached XP level 9. HP: 31/45 MP: 10/15
  6772 | D:6      | Noticed HydraWiggins's ghost (novice TrAE)
  6773 | D:6      | Reached * piety under the Shining One
  6877 | D:7      | Noticed Prince Ribbit
  6887 | D:7      | Found a shattered altar of Ashenzari.
  6888 | D:7      | Killed Prince Ribbit
  6888 | D:7      | Reached skill level 1 in Fighting
  6888 | D:7      | Reached skill level 1 in Invocations
  6888 | D:7      | Reached skill level 1 in Evocations
  7095 | D:7      | Found Kaclogi's Magic Scroll Boutique.
  7884 | D:7      | Found an opulent altar of Gozag.
  8306 | D:8      | Found a radiant altar of Vehumet.
  8632 | D:8      | Reached skill level 1 in Axes
  8655 | D:8      | Reached XP level 10. HP: 25/58 MP: 3/16
  8917 | D:8      | Reached skill level 5 in Fighting
  8917 | D:8      | Reached skill level 5 in Invocations
  9086 | D:8      | Noticed a three-headed hydra
  9114 | D:8      | Killed a three-headed hydra
  9434 | D:8      | Reached ** piety under the Shining One
  9577 | D:8      | Reached skill level 5 in Evocations
  9762 | D:9      | Found a basalt altar of Yredelemnul.
  9979 | D:10     | Entered Level 10 of the Dungeon
 10007 | D:10     | Identified the +1 robe of the Planets {rN+ Regen+} (You found it on level 10 of the Dungeon)
 10251 | D:10     | Reached XP level 11. HP: 50/66 MP: 11/17
 10372 | D:10     | Noticed an unseen horror
 10377 | D:10     | Killed an unseen horror
 10381 | D:10     | Found an iron altar of Okawaru.
 10388 | D:10     | Reached *** piety under the Shining One
 10621 | D:10     | Reached skill level 5 in Axes
 11000 | D:11     | Found a staircase to the Lair.
 11034 | D:11     | Noticed a two-headed ogre
 11041 | D:11     | Killed a two-headed ogre
 11878 | D:11     | Noticed a two-headed ogre
 11904 | D:11     | Killed a two-headed ogre
 12045 | D:11     | Noticed an orc knight
 12061 | D:11     | Found a deep blue altar of Sif Muna.
 12470 | D:11     | Noticed a cyclops
 12485 | D:11     | Killed a cyclops
 12762 | D:11     | Found a staircase to the Orcish Mines.
 12763 | D:11     | Reached **** piety under the Shining One
 13518 | D:11     | Found a staircase to the Orcish Mines.
 13679 | D:11     | Killed an orc knight
 13868 | D:12     | Noticed a cyclops
 13894 | D:12     | HP: 2/69 [cyclops/large rock (33)]
 14288 | D:12     | Killed a cyclops
 14288 | D:12     | Reached XP level 12. HP: 75/75 MP: 14/18
 14426 | D:12     | Noticed Sonja
 14443 | D:12     | Killed Sonja
 14497 | D:12     | Identified the +1 hand axe of Agony {holy, Str+5} (You found it on level 12 of the Dungeon)
 14534 | D:12     | Noticed a two-headed ogre
 14555 | D:12     | Killed a two-headed ogre
 15103 | Lair:1   | Entered Level 1 of the Lair of Beasts
 15346 | Lair:1   | Noticed Nergalle
 15376 | Lair:1   | Killed Nergalle
 16004 | Lair:2   | Found a runed gate.
 16014 | Lair:2   | You fall through a shaft for 2 floors!
 16056 | Lair:2   | Reached skill level 10 in Invocations
 16084 | Lair:2   | Reached skill level 10 in Fighting
 16442 | Lair:2   | Found a runed gate.
 16442 | Lair:2   | Found a runed gate.
 16443 | Lair:2   | Noticed Azzok's ghost (journeyman GrEE)
 16635 | Lair:2   | Found a staircase to the Shoals.
 16963 | Lair:3   | Reached XP level 13. HP: 52/82 MP: 15/20
 17447 | Lair:3   | Reached skill level 10 in Axes
 17753 | Lair:3   | Found a staircase to the Snake Pit.
 17850 | Lair:4   | Reached ***** piety under the Shining One
 20211 | Lair:5   | Reached skill level 1 in Armour
 20659 | Lair:6   | Entered Level 6 of the Lair of Beasts
 20659 | Lair:6   | Noticed Rupert
 21148 | Lair:5   | Noticed an entropy weaver
 21148 | Lair:5   | Noticed an entropy weaver
 21585 | Lair:5   | Killed an entropy weaver
 21628 | Lair:5   | Killed an entropy weaver
 22031 | Lair:5   | Gained mutation: Your large and strong wings let you fly indefinitely. [Gargoyle growth]
 22031 | Lair:5   | Reached XP level 14. HP: 67/88 MP: 16/22
 22454 | Lair:5   | Identified the +6 war axe "Oquynef" {elec, Int+5} (You found it on level 5 of the Lair of Beasts)
 22484 | Lair:5   | Learned a level 5 spell: Fireball
 22635 | Lair:5   | Reached skill level 5 in Armour
 23518 | Lair:5   | Reached skill level 5 in Dodging
 23594 | Lair:6   | Noticed Snorg
 23992 | Orc:1    | Entered Level 1 of the Orcish Mines
 23992 | Orc:1    | Found Ciedek's Food Shoppe.
 24504 | Orc:1    | Found a runed gate.
 24758 | Orc:1    | Found a runed gate.
 24758 | Orc:1    | Found a runed gate.
 24758 | Orc:1    | Noticed Nattefrost's ghost (journeyman NaMo)
 24808 | Orc:2    | Entered Level 2 of the Orcish Mines
 24822 | Orc:2    | Found Qozuu's Antique Weapon Shoppe.
 24828 | Orc:2    | Found Lufol's Armour Emporium.
 24871 | Orc:2    | Bought a +3 ring mail of magic resistance for 338 gold pieces
 25036 | Orc:2    | Found Ryoduquy's Jewellery Emporium.
 25085 | Orc:2    | Found a staircase to the Elven Halls.
 25218 | Orc:2    | Found Waytopn's Magic Scroll Shop.
 25652 | Orc:1    | Reached skill level 5 in Spellcasting
 25653 | Orc:1    | Found a roughly hewn altar of Beogh.
 26774 | Orc:2    | Paralysed by an orc sorcerer for 6 turns
 26878 | Orc:2    | Found Niuwuukh's Assorted Antiques.
 26886 | Orc:2    | Bought a notched granite ring for 140 gold pieces
 26886 | Orc:2    | Bought a gold wand for 112 gold pieces
 26886 | Orc:2    | Bought a scroll labeled EMEUTHR ZIADAPNOIRGH for 28 gold pieces
 26917 | Orc:2    | Noticed an orc warlord
 26977 | Orc:2    | Killed an orc warlord
 27761 | Orc:2    | Reached XP level 15. HP: 67/92 MP: 22/24
 27884 | Orc:2    | Found Lobruy's Antique Armour Shoppe.
 27885 | Orc:2    | Found Keatto's Antique Weapon Emporium.
 27886 | Orc:2    | Found Gottikhe's General Store.
 27886 | Orc:2    | Found Ajagh's Jewellery Shoppe.
 27902 | Orc:2    | Bought a spiked cloak for 228 gold pieces
 27902 | Orc:2    | Bought a glowing cloak for 180 gold pieces
 27902 | Orc:2    | Bought a garnet-encrusted scale mail for 216 gold pieces
 27910 | Orc:2    | Bought a +2 pair of gloves for 198 gold pieces
 27929 | Orc:2    | Identified the +1 cloak of the Valley {-Tele rElec rF+++ Stlth+} (You bought it in a shop on level 2 of the Orcish Mines)
 27931 | Orc:2    | Identified the +4 scale mail of the Pleiades {Int+3 Stlth+} (You bought it in a shop on level 2 of the Orcish Mines)
 28303 | D:3      | Killed TotesWizzard's ghost
 28521 | D:6      | Killed HydraWiggins's ghost
 28580 | D:6      | Got the ring "Nunutzet" {Fire}
 28676 | D:7      | Bought a scroll of identify for 30 gold pieces
 28676 | D:7      | Bought a scroll of identify for 30 gold pieces
 28676 | D:7      | Bought a scroll of identify for 30 gold pieces
 28677 | D:7      | Identified the ring "Nunutzet" {Fire Dex+6} (You found it on level 6 of the Dungeon)
 29114 | D:13     | Noticed Kirke
 29158 | D:13     | Killed Kirke
 29358 | D:13     | Reached skill level 10 in Conjurations
 29586 | D:14     | Reached skill level 10 in Fire Magic
 29621 | D:14     | Reached ****** piety under the Shining One
 31485 | D:14     | Found a gate to the Vaults.
 31695 | D:15     | Entered Level 15 of the Dungeon
 31739 | D:15     | Found Zeos's Assorted Antiques.
 31943 | D:15     | Found a staircase to the Depths.
 32961 | Orc:2    | Bought the ring of Zixeckor {rC+ MR+} for 468 gold pieces
 33199 | Snake:1  | Entered Level 1 of the Snake Pit
 33210 | Snake:1  | Found Winaj's Gadget Boutique.
 33211 | Snake:1  | Found Qestuijo's Jewellery Emporium.
 33212 | Snake:1  | Found Wasmupea's Gadget Boutique.
 33272 | Snake:1  | Reached skill level 1 in Bows
 33321 | Snake:1  | Reached XP level 16. HP: 63/97 MP: 28/28
 33377 | Snake:1  | Reached skill level 2 in Bows
 33456 | Snake:1  | Noticed Josephine
 33481 | Snake:1  | Killed Josephine
 33486 | Snake:1  | Reached skill level 3 in Bows
 33510 | Snake:1  | Identified a scroll of acquirement
 33721 | Snake:1  | Noticed Roxanne
 33796 | Snake:1  | Noticed Nikola
 33820 | Snake:1  | Killed Nikola
 33820 | Snake:1  | Reached skill level 4 in Bows
 34058 | Snake:1  | Reached skill level 5 in Bows
 34407 | Snake:1  | Found a runed gate.
 34407 | Snake:1  | Found a runed gate.
 34407 | Snake:1  | Found a runed gate.
 34412 | Snake:1  | Found Rurauqut's Assorted Antiques.
 34412 | Snake:1  | Noticed Fobliqit's ghost (adept GrFi)
 34424 | Snake:1  | Found an opulent altar of Gozag.
 35080 | Snake:1  | Bought a polished longbow for 247 gold pieces
 35138 | Snake:1  | Identified the +6 longbow "Hefe" {freeze, rElec Str+4} (You bought it in a shop on level 1 of the Snake Pit)
 35265 | Snake:1  | Killed Fobliqit's ghost
 35265 | Snake:1  | Reached skill level 6 in Bows
 35366 | Snake:2  | Found a stormy altar of Qazlal.
 35406 | Snake:2  | Noticed a nagaraja
 35414 | Snake:2  | Killed a nagaraja
 35758 | Snake:2  | Reached skill level 7 in Bows
 36011 | Snake:2  | Identified the +10 war axe "Goax" {freeze, rC+} (You found it on level 2 of the Snake Pit)
 36266 | Snake:3  | Noticed a nagaraja
 36278 | Snake:3  | Killed a nagaraja
 36364 | Snake:3  | Reached skill level 8 in Bows
 37117 | Snake:3  | Found Ytemp's Book Shoppe.
 37120 | Snake:3  | Found Wabovewn's Antique Armour Shoppe.
 37120 | Snake:3  | Found Qenielafal's Antique Armour Emporium.
 37129 | Snake:3  | Found Ixkekkat's Armour Emporium.
 37139 | Snake:3  | Noticed Saint Roka
 37367 | Snake:3  | Bought a pair of pitted boots for 266 gold pieces
 37682 | Snake:3  | Killed Saint Roka
 37682 | Snake:3  | Reached skill level 9 in Bows
 38165 | Orc:2    | Bought a scroll of identify for 24 gold pieces
 38165 | Orc:2    | Bought a scroll of identify for 24 gold pieces
 38165 | Orc:2    | Bought a scroll of identify for 24 gold pieces
 38165 | Orc:2    | Bought a scroll of fear for 42 gold pieces
 38165 | Orc:2    | Bought a scroll of identify for 24 gold pieces
 38165 | Orc:2    | Bought a scroll of identify for 24 gold pieces
 38165 | Orc:2    | Bought a scroll of teleportation for 36 gold pieces
 38165 | Orc:2    | Bought a scroll of identify for 24 gold pieces
 38167 | Orc:2    | Identified the cursed -2 pair of boots "Adismapt" {Dex+4} (You bought it in a shop on level 3 of the Snake Pit)
 38218 | Orc:2    | Bought an uncursed amulet of regeneration for 450 gold pieces
 38358 | D:15     | Bought 2 scrolls of teleportation for 144 gold pieces
 38358 | D:15     | Bought a pair of glowing gloves for 180 gold pieces
 38358 | D:15     | Bought a scroll of identify for 48 gold pieces
 38358 | D:15     | Bought a scroll of identify for 48 gold pieces
 38666 | Snake:4  | Entered Level 4 of the Snake Pit
 38906 | Snake:4  | Reached XP level 17. HP: 102/102 MP: 29/29
 39019 | Snake:4  | Reached skill level 10 in Bows
 39338 | Snake:4  | Reached skill level 11 in Bows
 39638 | Snake:4  | Reached skill level 12 in Bows
 40767 | Snake:4  | Reached skill level 13 in Bows
 40949 | Snake:4  | Got a serpentine rune of Zot
 41088 | Shoals:1 | Entered Level 1 of the Shoals
 41131 | Shoals:1 | Reached skill level 14 in Bows
 41684 | Shoals:2 | Reached XP level 18. HP: 108/108 MP: 26/30
 41918 | Shoals:2 | Noticed Polyphemus
 41964 | Shoals:2 | Killed Polyphemus
 43123 | Shoals:4 | Entered Level 4 of the Shoals
 43298 | Shoals:4 | Found Hoeroec's Humungous Hoard.
 43550 | Shoals:4 | Got a barnacled rune of Zot
 43787 | Shoals:4 | Found the +9 sword of Zonguldrok {reap}
 44167 | Shoals:4 | Bought a potion of heal wounds for 75 gold pieces
 44167 | Shoals:4 | Bought a potion of haste for 150 gold pieces
 44412 | Elf:1    | Entered Level 1 of the Elven Halls
 44431 | Elf:1    | Found Jeac Tuo's One-of-a-Kind Books.
 44534 | Elf:1    | Found Ogush's Distillery.
 44868 | Elf:1    | Reached skill level 10 in Armour
 45184 | Elf:1    | Reached XP level 19. HP: 116/116 MP: 31/31
 45297 | Elf:1    | Found the +3 crown of Dyrovepreva {rElec Int+2 SInv}
 45551 | Elf:1    | Reached skill level 10 in Dodging
 46715 | Elf:2    | Found a huge runed gate.
 46715 | Elf:2    | Found a huge runed gate.
 46722 | Elf:2    | Found a huge runed gate.
 46722 | Elf:2    | Found a huge runed gate.
 46722 | Elf:2    | Found a huge runed gate.
 46971 | Elf:3    | Entered Level 3 of the Elven Halls
 47147 | Elf:2    | Reached skill level 15 in Bows
 47399 | Elf:3    | Found a deep blue altar of Sif Muna.
 47548 | Elf:3    | Reached skill level 15 in Axes
 47636 | Elf:3    | Found a portal to a secret trove of treasure.
 48480 | Elf:3    | Reached XP level 20. HP: 74/122 MP: 28/32
 48670 | Elf:3    | Identified the +1 ring mail "Esitis" {MP+9 Slay+2} (You took it off a deep elf master archer on level 3 of the Elven Halls)
 48749 | Elf:3    | Got a wavering copper ring
 48768 | Elf:3    | Reached skill level 16 in Bows
 48808 | Elf:3    | Identified the Grimoire of the Mutagenic Entourage
 48834 | Elf:3    | Identified the Reference Book on Boosting Stolen Souls
 48838 | Elf:3    | Identified Vehumet's Volume of Confrontation
 49090 | Elf:3    | Identified the ring of Sedaboux {Fire Str-3 Int-4 Dex+7 SInv} (You took it off a deep elf demonologist on level 3 of the Elven Halls)
 49283 | Vaults:1 | Entered Level 1 of the Vaults
 49293 | Vaults:1 | You are sucked into a shaft!
 50103 | Vaults:1 | Reached skill level 17 in Bows
 51163 | Elf:1    | Bought the Grimoire of Translocation and the Snowflakes for 1152 gold pieces
 51165 | Elf:1    | Learned a level 1 spell: Apportation
 51169 | Elf:1    | Learned a level 3 spell: Portal Projectile
 51604 | Vaults:2 | Reached skill level 1 in Hexes
 51604 | Vaults:2 | Reached skill level 1 in Translocations
 52119 | Vaults:2 | Reached XP level 21. HP: 127/127 MP: 33/33
 52476 | Vaults:2 | Reached skill level 5 in Translocations
 52479 | Vaults:2 | Reached skill level 5 in Hexes
 53644 | Vaults:3 | Noticed Sojobo
 53685 | Vaults:3 | Killed Sojobo
 54410 | Vaults:3 | Found a staircase to the Crypt.
 54535 | Vaults:4 | Reached XP level 22. HP: 119/132 MP: 20/34
 54683 | Vaults:4 | Learned a level 4 spell: Summon Lightning Spire
 54817 | Vaults:4 | Reached skill level 1 in Summonings
 54821 | Vaults:4 | Reached skill level 1 in Air Magic
 55964 | Vaults:4 | Upgraded the game from 0.22.0-5-gf09313c to 0.22.0-6-g71bd7aa
 56176 | Depths:1 | Entered Level 1 of the Depths
 56771 | Depths:1 | Found a one-way gate to the infinite horrors of the Abyss.
 56873 | Depths:1 | Found a one-way gate leading to the halls of Pandemonium.
 57028 | Depths:1 | Found a magical portal.
 57052 | WizLab   | Entered Cigotuvi's Fleshworks
 57236 | WizLab   | Reached skill level 5 in Summonings
 57289 | WizLab   | Identified the Catalogue of Shape Shifting
 57292 | WizLab   | Identified Cigotuvi's Catalogue of Sinister Moulding
 57552 | WizLab   | Paralysed by a floating eye for 4 turns
 57572 | WizLab   | Reached skill level 5 in Air Magic
 57595 | WizLab   | Paralysed by a floating eye for 3 turns
 57680 | WizLab   | Reached XP level 23. HP: 114/136 MP: 35/35
 57763 | WizLab   | Got a heavily runed silver amulet
 57765 | WizLab   | Identified the amulet of Reimbursement {Gourm rF- rC+ SInv} (You found it in a wizard's laboratory)
 57905 | Depths:1 | Found Dixkoeh's Jewellery Emporium.
 57913 | Depths:1 | Bought an uncursed ring of resist corrosion for 260 gold pieces
 58326 | Depths:1 | Found a gateway to Hell.
 59047 | Depths:2 | Reached skill level 18 in Bows
 59516 | Depths:2 | You fall through a shaft!
 60124 | Depths:3 | Noticed an ancient lich
 60134 | Depths:3 | Paralysed by an ancient lich for 6 turns
 60137 | Depths:3 | Killed an ancient lich
 60639 | Depths:3 | Noticed a caustic shrike
 60639 | Depths:3 | Noticed a juggernaut
 60639 | Depths:3 | Noticed a caustic shrike
 60640 | Depths:3 | Noticed a golden dragon
 60906 | Depths:3 | Noticed Jory
 60926 | Depths:3 | Killed Jory
 60975 | Depths:3 | Reached skill level 19 in Bows
 61063 | Depths:3 | Reached XP level 24. HP: 149/149 MP: 35/35
 61513 | Depths:4 | Found a gateway to a ziggurat.
 61637 | Depths:3 | Reached skill level 15 in Fighting
 61802 | D:15     | Bought a glowing robe for 88 gold pieces
 62560 | Snake:3  | Bought an embroidered robe for 136 gold pieces
 62779 | Orc:2    | Bought a +2 robe of fire resistance for 230 gold pieces
 63073 | Depths:3 | Killed a caustic shrike
 63105 | Depths:3 | Identified Kikubaaqudgha's Grimoire of Black Rites
 63139 | Depths:3 | Killed a juggernaut
 63303 | Depths:3 | Killed a caustic shrike
 63377 | Depths:3 | Identified Wees's Volume of the Assistive Entourage
 64192 | Depths:4 | Reached skill level 20 in Bows
 64466 | Depths:4 | Noticed Xtahua
 64492 | Depths:4 | Killed Xtahua
 65273 | Depths:4 | Cast into level 5 of the Abyss (a Zot trap)
 65273 | Abyss:5  | Entered Level 5 of the Abyss
 65304 | Abyss:5  | Found a deep blue altar of Sif Muna.
 65339 | Abyss:5  | Gained mutation: You are frail. (-10% HP) [a neqoxec]
 65392 | Depths:4 | Escaped the Abyss
 65574 | Depths:4 | Noticed a caustic shrike
 65574 | Depths:4 | Noticed a caustic shrike
 65590 | Depths:4 | Noticed a caustic shrike
 65598 | Depths:4 | Killed a caustic shrike
 65603 | Depths:4 | Killed a caustic shrike
 65614 | Depths:4 | Killed a caustic shrike
 65769 | Depths:4 | Noticed a caustic shrike
 65782 | Depths:4 | Killed a caustic shrike
 65815 | Depths:4 | Noticed a juggernaut
 65824 | Depths:4 | Killed a juggernaut
 65836 | Depths:4 | Noticed a juggernaut
 65853 | Depths:4 | HP: 6/135 [juggernaut (52)]
 65853 | Depths:4 | Slain by a juggernaut

Skill      XL: |  1  2  3  4  5  6  7  8  9 10 11 12 13 14 15 16 17 18 19 20 21 22 23 24 |
---------------+-------------------------------------------------------------------------+-----
Conjurations   | 2 3 4 5 6 8 9 10 | 10.0
Fire Magic     | 4 5 6 8 9 10 | 10.0
Spellcasting   | 4 6 8 |  8.0
Fighting       | 4 6 8 10 12 14 15 | 15.0
Invocations    | 4 6 8 10 11 12 | 12.0
Evocations     | 3 5 7 8 |  8.0
Axes           | 1 4 6 9 11 13 14 15 16 | 16.0
Armour         | 3 6 10 11 13 | 13.9
Dodging        | 3 6 9 10 11 13 | 13.5
Bows           | 1 9 14 15 17 19 20 | 20.0
Hexes          | 3 6 |  6.0
Translocations | 3 6 |  6.0
Summonings     | 5 6 7 |  7.6
Air Magic      | 5 6 7 |  7.4
Stealth        | |  2.1

Action                   |  1- 3 |  4- 6 |  7- 9 | 10-12 | 13-15 | 16-18 | 19-21 | 22-24 || total
-------------------------+-------+-------+-------+-------+-------+-------+-------+-------++-------
Melee: Unarmed           |    17 |       |       |       |       |       |       |       ||    17
       Dagger            |    20 |    40 |    48 |   129 |       |       |       |       ||   237
       War axe           |       |    36 |       |       |   596 |   766 |   398 |   659 ||  2455
       Trident           |       |    45 |    15 |       |       |       |       |       ||    60
       Hand axe          |       |    28 |   186 |       |       |       |       |       ||   214
       Battleaxe         |       |       |    32 |   305 |   618 |       |       |       ||   955
       Spear             |       |       |       |    92 |       |       |       |       ||    92
 Fire: Longbow           |       |       |       |       |       |   677 |  1127 |  1328 ||  3132
Throw: Throwing net      |       |       |       |       |       |       |     1 |       ||     1
 Cast: Flame Tongue      |    62 |    52 |       |    15 |     1 |       |       |       ||   130
       Sticky Flame      |       |     6 |    58 |    99 |   131 |    69 |    33 |    62 ||   458
       Conjure Flame     |       |       |     5 |     8 |     9 |       |       |       ||    22
       Fireball          |       |       |       |       |     3 |     2 |     4 |       ||     9
       Portal Projectile |       |       |       |       |       |       |     9 |    14 ||    23
       Apportation       |       |       |       |       |       |       |     1 |     5 ||     6
Invok: Summon Divine War |       |       |       |       |     6 |     8 |     9 |    10 ||    33
 Abil: Fly               |       |       |       |       |       |     1 |       |       ||     1
       Stop Flying       |       |       |       |       |       |       |     1 |       ||     1
Evoke: Wand              |       |       |     2 |     2 |    15 |    31 |     7 |    14 ||    71
       Lamp of fire      |       |       |       |       |     2 |       |     1 |     2 ||     5
       Box of beasts     |       |       |       |       |       |     1 |     1 |       ||     2
       Phantom mirror    |       |       |       |       |       |       |     1 |       ||     1
  Use: Scroll            |       |     7 |    10 |     7 |    13 |    13 |    12 |     6 ||    68
       Potion            |       |       |     3 |     2 |     3 |       |     7 |     4 ||    19
 Stab: Sleeping          |     1 |     9 |     2 |       |       |       |       |       ||    12
  Eat: Chunk             |     3 |     8 |    20 |    39 |    47 |    13 |    23 |    12 ||   165
       Ration            |       |     1 |     2 |     2 |     9 |     9 |     3 |     8 ||    34
Armor: Robe              |    23 |    57 |   116 |    89 |       |       |       |   115 ||   400
       Leather armour    |       |       |       |   173 |   624 |       |       |       ||   797
       Ring mail         |       |       |       |       |   172 |   621 |   337 |   464 ||  1594
Dodge: Dodged            |    55 |   123 |   210 |   396 |   872 |   842 |   619 |  1182 ||  4299

Action                   |  1- 3 |  4- 6 |  7- 9 | 10-12 | 13-15 | 16-18 | 19-21 | 22-24 || total
-------------------------+-------+-------+-------+-------+-------+-------+-------+-------++-------
Melee: Unarmed           |    17 |       |       |       |       |       |       |       ||    17
       Dagger            |    20 |    40 |    48 |   129 |       |       |       |       ||   237
       War axe           |       |    36 |       |       |   596 |   766 |   398 |   659 ||  2455
       Trident           |       |    45 |    15 |       |       |       |       |       ||    60
       Hand axe          |       |    28 |   186 |       |       |       |       |       ||   214
       Battleaxe         |       |       |    32 |   305 |   618 |       |       |       ||   955
       Spear             |       |       |       |    92 |       |       |       |       ||    92
 Fire: Longbow           |       |       |       |       |       |   677 |  1127 |  1328 ||  3132
Throw: Throwing net      |       |       |       |       |       |       |     1 |       ||     1
 Cast: Flame Tongue      |    62 |    52 |       |    15 |     1 |       |       |       ||   130
       Sticky Flame      |       |     6 |    58 |    99 |   131 |    69 |    33 |    62 ||   458
       Conjure Flame     |       |       |     5 |     8 |     9 |       |       |       ||    22
       Fireball          |       |       |       |       |     3 |     2 |     4 |       ||     9
       Portal Projectile |       |       |       |       |       |       |     9 |    14 ||    23
       Apportation       |       |       |       |       |       |       |     1 |     5 ||     6
Invok: Summon Divine War |       |       |       |       |     6 |     8 |     9 |    10 ||    33
 Abil: Fly               |       |       |       |       |       |     1 |       |       ||     1
       Stop Flying       |       |       |       |       |       |       |     1 |       ||     1
Evoke: Wand              |       |       |     2 |     2 |    15 |    31 |     7 |    14 ||    71
       Lamp of fire      |       |       |       |       |     2 |       |     1 |     2 ||     5
       Box of beasts     |       |       |       |       |       |     1 |     1 |       ||     2
       Phantom mirror    |       |       |       |       |       |       |     1 |       ||     1
  Use: Scroll            |       |     7 |    10 |     7 |    13 |    13 |    12 |     6 ||    68
       Potion            |       |       |     3 |     2 |     3 |       |     7 |     4 ||    19
 Stab: Sleeping          |     1 |     9 |     2 |       |       |       |       |       ||    12
  Eat: Chunk             |     3 |     8 |    20 |    39 |    47 |    13 |    23 |    12 ||   165
       Ration            |       |     1 |     2 |     2 |     9 |     9 |     3 |     8 ||    34
Armor: Robe              |    23 |    57 |   116 |    89 |       |       |       |   115 ||   400
       Leather armour    |       |       |       |   173 |   624 |       |       |       ||   797
       Ring mail         |       |       |       |       |   172 |   621 |   337 |   464 ||  1594
Dodge: Dodged            |    55 |   123 |   210 |   396 |   872 |   842 |   619 |  1182 ||  4299
